 Dungeon Crawl Stone Soup version 0.18-a0-750-g37044d6 (webtiles) character file.

85 gorblad the Grave Robber (level 4, -1/30 HPs)
             Began as a Mummy Necromancer on Dec 11, 2015.
             Slain by a giant gecko (3 damage)
             ... on level 3 of the Dungeon.
             The game lasted 00:07:31 (1994 turns).

gorblad the Grave Robber (Mummy Necromancer)        Turns: 1994, Time: 00:07:31

Health: -1/30      AC:  3    Str: 11    XL:     4   Next: 25%
Magic:  1/8        EV: 12    Int: 15    God:
Gold:   144        SH:  0    Dex: 12    Spells: 3 memorised, 4 levels left

rFire  x . .     SeeInvis .     c - +2 short sword (vamp)
rCold  + . .     Clarity  .     a - +1 robe
rNeg   + + +     SustAt   .     (no shield)
rPois  ∞         Gourm    .     (no helmet)
rElec  .         Spirit   .     (no cloak)
rCorr  .         Dismiss  .     (no gloves)
rMut   .         Stasis   +     (no boots)
MR     .....                    j - amulet of stasis
Stlth  ++........               i - ring of wizardry
                                l - ring of wizardry

@: not resistant to hostile enchantments, unstealthy
A: no food or potions, fire vulnerability, cold resistance 1, negative energy
resistance 3, torment resistance, unbreathing
a: no special abilities


You were on level 3 of the Dungeon.
You were not hungry.

You visited 1 branch of the dungeon, and saw 3 of its levels.

You collected 144 gold pieces.

Inventory:

Hand Weapons
 c - a +2 vampiric short sword (weapon)
 d - a +1 dagger
Armour
 a - a +1 robe (worn)
Jewellery
 e - a +2 ring of strength
 g - an uncursed ring of magical power
 i - a ring of wizardry (right hand)
 j - an amulet of stasis (around neck)
 l - a ring of wizardry (left hand)
Scrolls
 h - a scroll of magic mapping
 m - a scroll of identify
Books
 b - a book of Necromancy

   Spells                             Type                      Level
   a - Pain                           Necromancy                   1
   b - Animate Skeleton               Necromancy                   1
   c - Vampiric Draining              Necromancy                   3
   d - Regeneration                   Charms/Necromancy            3
   e - Animate Dead                   Necromancy                   4
   f - Control Undead                 Necromancy                   4


   Skills:
 + Level 2.0 Dodging
 + Level 1.9 Stealth
 + Level 3.0 Spellcasting
 + Level 4.7 Necromancy


You had 4 spell levels left.
You knew the following spells:

 Your Spells              Type           Power        Failure   Level  Hunger
a - Pain                  Necr           ###.         1%          1    N/A
b - Vampiric Draining     Necr           ###.......   2%          3    N/A
c - Animate Skeleton      Necr           N/A          1%          1    N/A

Dungeon Overview and Level Annotations

Branches:
Dungeon (3/15)

Altars:


Innate Abilities, Weirdness & Mutations

You do not eat or drink.
Your flesh is vulnerable to fire.
You are immune to poison.
Your flesh is cold resistant.
You are immune to negative energy.
You are immune to unholy pain and torment.
You can survive without breathing.


Message History

Aiming: Pain
Press: ? - help, Shift-Dir - straight line, f - goblin
Aim: a goblin, wielding a dagger (severely wounded, chance to defeat MR: 93%)
The goblin convulses in agony!
You kill the goblin!
The giant gecko closely misses you.
The giant gecko bites you but does no damage.
Things that are here:
a dagger; a goblin corpse The giant gecko closely misses you.
Casting: Pain
Confirm with . or Enter, or press ? or * to list all spells.
Aiming: Pain
Press: ? - help, Shift-Dir - straight line, f - giant gecko
Aim: a giant gecko (lightly wounded, clinging, chance to defeat MR: 93%)
The giant gecko convulses in agony!
The giant gecko barely misses you. The giant gecko bites you.
* * * LOW HITPOINT WARNING * * *
The giant gecko bites you.
You die...

..... .... #.#
#..# #.# #..#
#.# #..# #.#
#..#####.#
#.....<#.#
#..###.#.#
######...##.#@#
#..Z..)#.##.#l#
#.##.#...##.#.#
#.##.######.#o##
#.##.# #.#..#
#..((# #.##.####
#.#%.# #.......#
#.Z%.# ####.##.#
##.#.# #.# #


You could see an orc and a giant gecko.

Vanquished Creatures
  An orc priest (D:3)
  2 adders (D:2)
  A worm (D:2)
  3 orcs (D:3)
  3 hobgoblins
  3 jackals (D:2)
  6 kobolds
  A quokka (D:2)
  A ball python (D:3)
  A bat (D:1)
  3 giant cockroaches
  2 giant newts (D:1)
  3 goblins
  7 rats
37 creatures vanquished.

Notes
Turn   | Place    | Note
--------------------------------------------------------------
     0 | D:1      | gorblad the Mummy Necromancer began the quest for the Orb.
     0 | D:1      | Reached XP level 1. HP: 13/13 MP: 3/3
   447 | D:1      | Reached XP level 2. HP: 19/19 MP: 3/5
  1237 | D:2      | Reached XP level 3. HP: 22/24 MP: 6/6
  1800 | D:2      | Learned a level 3 spell: Vampiric Draining
  1802 | D:2      | Learned a level 1 spell: Animate Skeleton
  1958 | D:3      | Reached XP level 4. HP: 16/30 MP: 2/8
  1994 | D:3      | Slain by a giant gecko

Vault maps used:
D:1:      mrwooster_arrival_statue_2, minmay_misc_feat_nine_boxes
D:3:      first_bread, minmay_joined_circles

Action                   |  1- 3 |  4- 6 || total
-------------------------+-------+-------++-------
Melee: Unarmed           |    16 |       ||    16
       Dagger            |     5 |       ||     5
       Short sword       |     7 |     4 ||    11
 Cast: Pain              |    73 |     6 ||    79
       Animate Skeleton  |     2 |       ||     2
  Use: Scroll            |    11 |     1 ||    12
